 Dungeon Crawl Stone Soup version 0.30.0-15-g856e2d3f33 (webtiles) character file.

Game seed: 16458424766152676433

12059 qw the Cleaver (level 11, -1/78 HPs)
             Began as a Gargoyle Fighter on May 20, 2023.
             Was an Elder of Okawaru.
             Slain by a two-headed ogre
             ... wielding a +0 great mace
              (8 damage)
             ... on level 10 of the Dungeon.
             The game lasted 00:05:21 (8221 turns).

qw the Cleaver (Gargoyle Fighter)                   Turns: 8221, Time: 00:05:21

Health: -1/78      AC: 34    Str: 30    XL:     11   Next: 87%
Magic:  13/14      EV: 10    Int: 12    God:    Okawaru [****..]
Gold:   489        SH:  6    Dex:  8    Spells: 10/10 levels left

rFire   + . .        Y - +1 war axe
rCold   . . .        c - +0 buckler
rNeg    + . .        j - +0 plate armour
rPois   inf          v - +2 helmet
rElec   +            k - +0 cloak
rCorr   .            (no gloves)
SInv    .            n - +3 pair of seven-league boots {Rampage+∞}
Will    .....        g - amulet of regeneration Stlth
                     q - +6 ring of strength
HPRegen 1.13/turn    i - ring of protection from fire
MPRegen 0.14/turn

%: rampage+inf
@: about to teleport, heroic, flying
A: sickness immunity, AC +8, negative energy resistance 1, electricity
resistance, torment resistance 1, petrification resistance, big wings, clever 1,
robust 1
a: Renounce Religion, Heroism, Finesse


You were on level 10 of the Dungeon.
You worshipped Okawaru.
Okawaru was greatly pleased with you.
You visited 2 branches of the dungeon, and saw 12 of its levels.

You collected 531 gold pieces.
You spent 42 gold pieces at shops.


Innate Abilities, Weirdness & Mutations

You are immune to sickness and miasma.
Your stone body is resilient. (AC +8)
You are immune to poison.
You resist negative energy. (rN+)
You are resistant to electric shocks. (rElec)
You are resistant to unholy torment.
You are immune to petrification.
Your large and strong wings let you fly.
Your mind is acute. (Int +4, Str/Dex -1)
You are robust. (+10% HP)


   Skills:
 - Level 9.1(14.1) Fighting
 - Level 12.1(17.1) Axes
 - Level 2.0(7.0) Throwing
 + Level 8.9(13.9) Armour
 - Level 2.2(7.2) Dodging
 - Level 6.4(11.4) Shields
 + Level 4.7 Invocations


You had 10 spell levels left.
You didn't know any spells.
Your spell library was empty.

Inventory:

Hand Weapons
 o - a +5 flail of holy wrath
 Y - a +1 war axe (weapon)
Missiles
 t - a boomerang (quivered)
Armour
 c - a +0 buckler (worn)
 j - a +0 plate armour (worn)
 k - a +0 cloak (worn)
 n - the +3 pair of seven-league boots (worn) {Rampage+∞}
   (You acquired it on level 4 of the Dungeon)

   Rampage+∞: When moving toward enemies, its wearer moves as far as possible,
   alerting their target en route.
 v - a +2 helmet (worn)
Jewellery
 a - the amulet of Delobeto {Faith Will+ rCorr Stlth+}
   (You acquired it on level 1 of the Dungeon)

   [amulet of faith]

   It allows you to gain divine favour quickly.
   rCorr:     It protects you from acid and corrosion.
   Will:      It increases your willpower.
   Stlth:     It makes you more stealthy.
 g - an amulet of regeneration (around neck)
 i - a ring of protection from fire (right hand)
 q - a +6 ring of strength (left hand)
 s - a ring of positive energy
Scrolls
 p - 5 scrolls of identify
Potions
 b - 2 potions of magic
 d - 4 potions of might
 e - 3 potions of mutation
 l - 5 potions of curing
 m - a potion of cancellation
 r - a potion of haste

Dungeon Overview and Level Annotations

Branches:
Dungeon (11/15)            Temple (1/1) D:7
   Lair: D:8-11         Orc: D:9-12

Altars:
Ashenzari
Cheibriados
Dithmenos
Elyvilon
Fedhas
Gozag
Hepliaklqana
Kikubaaqudgha
Makhleb
Nemelex Xobeh
Okawaru
Qazlal
Ru
Sif Muna
Trog
Uskayaw
Vehumet
Wu Jian
Xom
Yredelemnul
Zin
The Shining One

Shops:
D:2 *!

Annotations:
D:4 1 runed translucent door, Crazy Yiuf


Message History

You barely miss the two-headed ogre. The two-headed ogre barely misses you.
The two-headed ogre hits you but does no damage.
You slash the two-headed ogre!
The two-headed ogre is severely wounded.
You hit the two-headed ogre but do no damage.
You hit the two-headed ogre. The two-headed ogre barely misses you.
You block the two-headed ogre's attack.
The two-headed ogre hits you with a +0 giant spiked club!
The two-headed ogre hits you but does no damage.
You closely miss the two-headed ogre.
The two-headed ogre is severely wounded.
You hit the two-headed ogre. You slash the two-headed ogre!
The two-headed ogre hits you but does no damage.
You block the two-headed ogre's attack.
You slash the two-headed ogre!
The two-headed ogre is almost dead.
You hit the two-headed ogre. You slice the two-headed ogre!!
The two-headed ogre hits you but does no damage.
The two-headed ogre hits you with a +0 giant club!
The two-headed ogre hits you with a +0 giant spiked club.
The two-headed ogre barely misses you.
8219 ||| READING scroll of teleportation.
As you read the scroll of teleportation, it crumbles to dust.
You feel strangely unstable.
The two-headed ogre hits you with a +0 great mace.
The two-headed ogre hits you but does no damage.
The two-headed ogre hits you with a +0 giant spiked club.
The two-headed ogre hits you with a +0 giant club!
You closely miss the two-headed ogre.
The two-headed ogre is almost dead.
You barely miss the two-headed ogre. You slash the two-headed ogre!
You block the two-headed ogre's attack.
The two-headed ogre hits you but does no damage.
You barely miss the two-headed ogre.
The two-headed ogre is almost dead.
You slash the two-headed ogre!
You hit the two-headed ogre but do no damage.
The two-headed ogre hits you with a +0 great mace!
You die...

###.# #.# #.# #.#
....#####.########.###########.##
.................................
##............[..#########..####.
#...............# #..# #.
#...............# #..# #.
#...............# #..# #.
#.............OO# #..# #.
##.............)@#########..####.
................O[...............
#################################


You could see 3 two-headed ogres.

Vanquished Creatures
  Snorg (D:10)
  An ogre mage (D:10)
  A two-headed ogre (D:10)
  A tengu warrior (D:11)
  Pikel (D:3)
  Joseph (D:9)
  Maurice (D:8)
  An unseen horror (D:9)
  2 hornets
  3 trolls
  Sigmund (D:2)
  14 yaks
  A vampire (D:9)
  3 steam dragons
  Eustachio (D:4)
  Menkaure (D:4)
  Edmund (D:4)
  An acid dragon (D:9)
  A water moccasin (D:5)
  5 sky beasts
  2 orc warriors (D:9)
  2 black bears (D:6)
  2 ogres (D:6)
  4 phantoms
  4 centaurs
  3 kobold brigands
  2 bullfrogs
  5 scorpions
  4 wights (D:6)
  7 killer bees
  5 spriggan skeletons (D:9)
  A troll skeleton (D:9)
  2 orc priests
  5 hounds
  A jelly (D:6)
  4 iguanas
  Natasha (twice) (D:4)
  8 orc wizards
  Robin (D:2)
  7 gnolls
  8 adders
  2 shadow imps
  4 white imps
  3 dart slugs
  38 orcs
  3 bats
  6 endoplasms
  12 goblins
  3 hobgoblins
  4 jackals (D:4)
  18 kobolds
  4 quokkas
  6 ball pythons
  3 frilled lizards
  4 rats
231 creatures vanquished.

Notes
Turn   | Place    | Note
-------+----------+-------------------------------------------
     0 | D:1      | qw the Gargoyle Fighter began the quest for the Orb.
     0 | D:1      | Reached XP level 1. HP: 14/14 MP: 1/1
     0 | D:1      | 0 ||| qw: Version: 0.2-a-97-g6b18286
     0 | D:1      | 0 ||| qw: Game counter: 14
     0 | D:1      | 0 ||| qw: Always use a shield: true
     0 | D:1      | 0 ||| qw: God list: Okawaru
     0 | D:1      | 0 ||| qw: Allow faded altars: false
     0 | D:1      | 0 ||| qw: Do Orc after D:15 true
     0 | D:1      | 0 ||| qw: Do second Lair branch before Depths: true
     0 | D:1      | 0 ||| qw: Lair rune preference: random
     0 | D:1      | 0 ||| qw: Plans: Normal, Zot:1-4, God:TSO, Crypt, Tomb,
                  | Pan, Slime:5, Hells, Abyss, Win
     0 | D:1      | 0 ||| PLANNING D:1-11
    85 | D:1      | Reached skill level 2 in Axes
   223 | D:1      | 223 ||| Stepping ~*~*~tactically~*~*~ (hiding).
   336 | D:1      | Reached XP level 2. HP: 19/19 MP: 2/2
   433 | D:1      | Found a faded altar of an unknown god.
   883 | D:1      | 883 ||| UPGRADING to amulet of regeneration.
   888 | D:1      | 888 ||| READING scroll labelled JEWEESTR DUMIMINARU.
   888 | D:1      | Identified a scroll of acquirement
   888 | D:1      | 888 ||| ACQUIRING amulet of Delobeto {Faith Will+ rCorr
                  | Stlth+}
   888 | D:1      | Acquired the amulet of Delobeto {Faith Will+ rCorr Stlth+}
   890 | D:1      | 890 ||| READING scroll labelled AKKULIBBEO.
   891 | D:1      | 891 ||| READING scroll labelled XAGOSK ASARCHON.
   928 | D:2      | Noticed Robin
   935 | D:2      | Reached skill level 3 in Axes
   936 | D:2      | Reached XP level 3. HP: 21/23 MP: 3/3
   940 | D:2      | Killed Robin
   987 | D:2      | 987 ||| Stepping ~*~*~tactically~*~*~ (hiding).
  1009 | D:2      | 1009 ||| Stepping ~*~*~tactically~*~*~ (stealth).
  1010 | D:2      | 1010 ||| Stepping ~*~*~tactically~*~*~ (stealth).
  1021 | D:2      | Reached skill level 4 in Axes
  1021 | D:2      | Reached XP level 4. HP: 11/28 MP: 4/4
  1048 | D:2      | 1048 ||| DROPPING +0 mace.
  1116 | D:2      | 1116 ||| Stepping ~*~*~tactically~*~*~ (hiding).
  1336 | D:2      | Noticed Sigmund
  1338 | D:2      | Found Irishutt's Distillery.
  1348 | D:2      | HP: 6/28 [something (5)]
  1349 | D:2      | HP: 1/28 [something (7)]
  1358 | D:2      | HP: 7/28 [Sigmund/+0 scythe (3)]
  1364 | D:2      | HP: 5/28 [something (7)]
  1366 | D:2      | Killed Sigmund
  1367 | D:2      | Reached skill level 5 in Axes
  1367 | D:2      | Reached XP level 5. HP: 8/32 MP: 5/5
  1367 | D:2      | Reached XP level 6. HP: 10/37 MP: 6/6
  1418 | D:2      | 1418 ||| BUYING potion of curing (42 gold).
  1418 | D:2      | Bought a potion of curing for 42 gold pieces
  1418 | D:2      | 1418 ||| SHOPLISTING potion of heal wounds (70 gold, have
                  | 7).
  1418 | D:2      | 1418 ||| SHOPLISTING potion of lignification (42 gold, have
                  | 7).
  1418 | D:2      | 1418 ||| SHOPLISTING potion of mutation (112 gold, have 7).
  1418 | D:2      | 1418 ||| SHOPLISTING potion of resistance (140 gold, have
                  | 7).
  1521 | D:2      | Found Ydameleho's Assorted Antiques.
  1530 | D:2      | 1530 ||| SHOPLISTING 2 scrolls of teleportation (150 gold,
                  | have 16).
  1530 | D:2      | 1530 ||| SHOPLISTING glowing leather armour (125 gold, have
                  | 16).
  1530 | D:2      | 1530 ||| SHOPLISTING potion of curing (75 gold, have 16).
  1530 | D:2      | 1530 ||| SHOPLISTING scroll labelled LYREOF HUMNYDGH (25
                  | gold, have 16).
  1630 | D:2      | 1630 ||| UPGRADING to +0 helmet.
  1635 | D:2      | 1635 ||| UPGRADING to +0 cloak.
  1640 | D:2      | 1640 ||| DROPPING amulet of guardian spirit.
  1641 | D:2      | 1641 ||| READING scroll labelled TONKUG GIESSE.
  1642 | D:2      | 1642 ||| READING scroll labelled QAEMPO MELOSER.
  1772 | D:3      | 1772 ||| Stepping ~*~*~tactically~*~*~ (stealth).
  2280 | D:3      | 2280 ||| Stepping ~*~*~tactically~*~*~ (stealth).
  2284 | D:3      | 2284 ||| Stepping ~*~*~tactically~*~*~ (hiding).
  2355 | D:3      | 2355 ||| UPGRADING to +0 pair of boots.
  2360 | D:3      | 2360 ||| READING scroll labelled CYISUORIURAP.
  2361 | D:3      | 2361 ||| READING scroll labelled WIOHEE YTORU.
  2362 | D:3      | 2362 ||| READING scroll labelled DOVAHI MIUJUA.
  2363 | D:3      | 2363 ||| READING scroll labelled LYREOF HUMNYDGH.
  2364 | D:3      | 2364 ||| DRINKING 2 fizzy ruby potions.
  2364 | D:3      | Gained mutation: Your large and strong wings let you fly.
                  | [potion of mutation]
  2364 | D:3      | Gained mutation: Your mind is acute. (Int +4, Str/Dex -1)
                  | [potion of mutation]
  2364 | D:3      | Gained mutation: You are robust. (+10% HP) [potion of
                  | mutation]
  2374 | D:4      | Noticed Pikel
  2382 | D:4      | 2382 ||| STAIRDANCE
  2390 | D:3      | Killed Pikel
  2391 | D:3      | Reached skill level 7 in Axes
  2391 | D:3      | Reached XP level 7. HP: 26/47 MP: 7/7
  2419 | D:4      | Found a white marble altar of Elyvilon.
  2509 | D:4      | 2509 ||| Stepping ~*~*~tactically~*~*~ (stealth).
  2522 | D:4      | Reached skill level 1 in Dodging
  2522 | D:4      | Reached XP level 8. HP: 51/52 MP: 8/8
  2522 | D:4      | 2522 ||| Stepping ~*~*~tactically~*~*~ (stealth).
  2525 | D:4      | 2525 ||| Stepping ~*~*~tactically~*~*~ (stealth).
  2578 | D:4      | Noticed Natasha
  2579 | D:4      | 2579 ||| Stepping ~*~*~tactically~*~*~ (hiding).
  2588 | D:4      | Killed Natasha
  2660 | D:4      | Noticed Menkaure
  2661 | D:4      | 2661 ||| Stepping ~*~*~tactically~*~*~ (hiding).
  2673 | D:4      | Killed Menkaure
  2680 | D:4      | 2680 ||| Stepping ~*~*~tactically~*~*~ (stealth).
  2682 | D:4      | 2682 ||| Stepping ~*~*~tactically~*~*~ (stealth).
  2683 | D:4      | 2683 ||| Stepping ~*~*~tactically~*~*~ (stealth).
  2711 | D:4      | 2711 ||| READING scroll of acquirement.
  2711 | D:4      | 2711 ||| ACQUIRING +3 pair of seven-league boots
                  | {Rampage+∞}
  2711 | D:4      | Acquired the +3 pair of seven-league boots {Rampage+∞}
  2711 | D:4      | Found the +3 pair of seven-league boots {Rampage+∞}
  2713 | D:4      | 2713 ||| UPGRADING to +3 pair of seven-league boots
                  | {Rampage+∞}.
  2723 | D:4      | 2723 ||| DROPPING +0 pair of boots.
  2726 | D:4      | 2726 ||| Stepping ~*~*~tactically~*~*~ (stealth).
  2810 | D:4      | Noticed Eustachio
  2810 | D:4      | Noticed Edmund
  2811 | D:4      | 2811 ||| Stepping ~*~*~tactically~*~*~ (hiding).
  2828 | D:4      | Killed Edmund
  2851 | D:4      | Killed Eustachio
  2852 | D:4      | Reached skill level 8 in Axes
  2861 | D:4      | 2861 ||| DROPPING +0 flail.
  2891 | D:4      | 2891 ||| Stepping ~*~*~tactically~*~*~ (hiding).
  2962 | D:4      | Reached skill level 6 in Fighting
  3013 | D:4      | Found a runed translucent door.
  3014 | D:4      | Noticed Crazy Yiuf
  3032 | D:4      | Noticed Natasha
  3043 | D:4      | Killed Natasha
  3089 | D:4      | Found an ornate altar of the Wu Jian Council.
  3090 | D:4      | Found a snail-covered altar of Cheibriados.
  3175 | D:4      | 3175 ||| DRINKING 2 metallic cyan potions.
  3280 | D:4      | 3280 ||| DROPPING potion of berserk rage.
  3315 | D:5      | Entered Level 5 of the Dungeon
  3504 | D:5      | Noticed a +0 dagger
  3522 | D:5      | Reached skill level 9 in Axes
  3522 | D:5      | Reached XP level 9. HP: 60/60 MP: 9/9
  3541 | D:5      | Noticed a +0 spear
  3542 | D:5      | Noticed a +0 dagger
  3542 | D:5      | Noticed a +0 falchion
  3548 | D:5      | Noticed a +0 spear
  3554 | D:5      | Noticed a +0 short sword
  3555 | D:5      | Noticed a +0 falchion
  3555 | D:5      | Noticed a +0 short sword
  3559 | D:5      | Found a hide-covered altar of Uskayaw.
  3902 | D:5      | 3902 ||| Stepping ~*~*~tactically~*~*~ (stealth).
  3904 | D:5      | 3904 ||| Stepping ~*~*~tactically~*~*~ (hiding).
  4138 | D:5      | 4138 ||| UPGRADING to +6 ring of strength.
  4139 | D:5      | 4139 ||| READING scroll labelled DURONAXUUHO.
  4140 | D:5      | 4140 ||| READING scroll labelled LASKOA DIFEE.
  4156 | D:6      | 4156 ||| Stepping ~*~*~tactically~*~*~ (hiding).
  4157 | D:6      | 4157 ||| Stepping ~*~*~tactically~*~*~ (hiding).
  4158 | D:6      | 4158 ||| Stepping ~*~*~tactically~*~*~ (hiding).
  4159 | D:6      | 4159 ||| Stepping ~*~*~tactically~*~*~ (hiding).
  4221 | D:6      | 4221 ||| Stepping ~*~*~tactically~*~*~ (stealth).
  4343 | D:6      | 4343 ||| Stepping ~*~*~tactically~*~*~ (stealth).
  4344 | D:6      | 4344 ||| Stepping ~*~*~tactically~*~*~ (stealth).
  4390 | D:6      | 4390 ||| Stepping ~*~*~tactically~*~*~ (stealth).
  4391 | D:6      | 4391 ||| Stepping ~*~*~tactically~*~*~ (hiding).
  4569 | D:6      | 4569 ||| Stepping ~*~*~tactically~*~*~ (stealth).
  4836 | D:6      | Reached skill level 10 in Axes
  4902 | D:6      | 4902 ||| Stepping ~*~*~tactically~*~*~ (hiding).
  4939 | D:6      | 4939 ||| Stepping ~*~*~tactically~*~*~ (stealth).
  5047 | D:6      | Found a bloodstained altar of Trog.
  5050 | D:6      | 5050 ||| READING scroll labelled JOUCEGIONI.
  5051 | D:6      | 5051 ||| READING scroll labelled CUAZAS TYPOHOGU.
  5052 | D:6      | 5052 ||| READING 5 scrolls of identify.
  5052 | D:6      | 5052 ||| IDENTIFYING smoky puce potion
  5053 | D:6      | 5053 ||| READING 4 scrolls of identify.
  5053 | D:6      | 5053 ||| IDENTIFYING golden potion
  5054 | D:6      | 5054 ||| READING 3 scrolls of identify.
  5054 | D:6      | 5054 ||| IDENTIFYING glowing clear potion
  5055 | D:6      | 5055 ||| READING 2 scrolls of identify.
  5055 | D:6      | 5055 ||| IDENTIFYING yellow potion
  5056 | D:6      | 5056 ||| DROPPING potion of invisibility.
  5057 | D:6      | 5057 ||| DROPPING potion of degeneration.
  5101 | D:7      | Reached XP level 10. HP: 70/70 MP: 10/10
  5130 | D:7      | Found a staircase to the Ecumenical Temple.
  5131 | D:7      | 5131 ||| PLANNING TEMPLE
  5131 | D:7      | 5131 ||| READING 2 scrolls of identify.
  5131 | D:7      | 5131 ||| IDENTIFYING bubbling coppery potion
  5132 | D:7      | 5132 ||| DROPPING potion of magic.
  5135 | D:7      | 5135 ||| Stepping ~*~*~tactically~*~*~ (hiding).
  5159 | Temple   | Entered the Ecumenical Temple
  5159 | Temple   | Found a transporter.
  5159 | Temple   | Found a transporter.
  5161 | Temple   | Found a transporter.
  5161 | Temple   | Found a transporter.
  5171 | Temple   | 5171 ||| PLANNING D:1-11
  5173 | Temple   | 5173 ||| PLANNING OKAWARU WORSHIP
  5179 | Temple   | Became a worshipper of Warmaster Okawaru
  5179 | Temple   | 5179 ||| PLANNING D:1-11
  5265 | D:7      | Found a broken altar of Ashenzari.
  5542 | D:7      | 5542 ||| UPGRADING to +0 chain mail.
  5552 | D:7      | 5552 ||| DROPPING +0 scale mail.
  5636 | D:8      | Noticed Maurice
  5642 | D:8      | Killed Maurice
  5642 | D:8      | Reached * piety under Okawaru
  5676 | D:8      | 5676 ||| Stepping ~*~*~tactically~*~*~ (hiding).
  5677 | D:8      | 5677 ||| Stepping ~*~*~tactically~*~*~ (hiding).
  5680 | D:8      | 5680 ||| Stepping ~*~*~tactically~*~*~ (hiding).
  5681 | D:8      | 5681 ||| Stepping ~*~*~tactically~*~*~ (hiding).
  5719 | D:8      | 5719 ||| Stepping ~*~*~tactically~*~*~ (stealth).
  5748 | D:8      | 5748 ||| Stepping ~*~*~tactically~*~*~ (hiding).
  5749 | D:8      | 5749 ||| Stepping ~*~*~tactically~*~*~ (hiding).
  5750 | D:8      | 5750 ||| Stepping ~*~*~tactically~*~*~ (hiding).
  5752 | D:8      | 5752 ||| INVOKING Heroism.
  5753 | D:8      | 5753 ||| Stepping ~*~*~tactically~*~*~ (cloud).
  5760 | D:8      | Reached skill level 1 in Invocations
  5767 | D:8      | Reached skill level 6 in Armour
  5866 | D:8      | 5866 ||| Stepping ~*~*~tactically~*~*~ (stealth).
  6052 | D:8      | Found an opulent altar of Gozag.
  6107 | D:8      | 6107 ||| UPGRADING to ring of positive energy.
  6108 | D:8      | 6108 ||| UPGRADING to ring of protection from fire.
  6160 | D:9      | 6160 ||| Stepping ~*~*~tactically~*~*~ (hiding).
  6162 | D:9      | 6162 ||| Stepping ~*~*~tactically~*~*~ (hiding).
  6268 | D:9      | 6268 ||| Stepping ~*~*~tactically~*~*~ (hiding).
  6269 | D:9      | 6269 ||| Stepping ~*~*~tactically~*~*~ (hiding).
  6270 | D:9      | 6270 ||| Stepping ~*~*~tactically~*~*~ (stealth).
  6271 | D:9      | 6271 ||| Stepping ~*~*~tactically~*~*~ (stealth).
  6272 | D:9      | 6272 ||| INVOKING Heroism.
  6276 | D:9      | 6276 ||| Stepping ~*~*~tactically~*~*~ (stealth).
  6277 | D:9      | 6277 ||| Stepping ~*~*~tactically~*~*~ (stealth).
  6284 | D:9      | Reached skill level 3 in Invocations
  6294 | D:9      | 6294 ||| Stepping ~*~*~tactically~*~*~ (stealth).
  6295 | D:9      | 6295 ||| Stepping ~*~*~tactically~*~*~ (stealth).
  6334 | D:9      | 6334 ||| Stepping ~*~*~tactically~*~*~ (hiding).
  6335 | D:9      | 6335 ||| Stepping ~*~*~tactically~*~*~ (hiding).
  6340 | D:9      | 6340 ||| Stepping ~*~*~tactically~*~*~ (stealth).
  6428 | D:9      | 6428 ||| Stepping ~*~*~tactically~*~*~ (stealth).
  6445 | D:9      | 6445 ||| Stepping ~*~*~tactically~*~*~ (stealth).
  6447 | D:9      | Found a flagged portal.
  6467 | D:9      | Reached ** piety under Okawaru
  6468 | D:9      | Reached skill level 11 in Axes
  6481 | D:9      | 6481 ||| Stepping ~*~*~tactically~*~*~ (stealth).
  6512 | D:9      | 6512 ||| INVOKING Heroism.
  6516 | D:9      | Reached skill level 9 in Fighting
  6655 | D:9      | 6655 ||| INVOKING Heroism.
  6656 | D:9      | 6656 ||| Stepping ~*~*~tactically~*~*~ (hiding).
  6657 | D:9      | 6657 ||| Stepping ~*~*~tactically~*~*~ (hiding).
  6672 | D:9      | Reached XP level 11. HP: 77/78 MP: 12/14
  6684 | D:9      | Noticed Joseph
  6700 | D:9      | 6700 ||| INVOKING Heroism.
  6703 | D:9      | Killed Joseph
  6742 | D:9      | 6742 ||| Stepping ~*~*~tactically~*~*~ (stealth).
  6800 | D:9      | 6800 ||| INVOKING Heroism.
  6866 | D:9      | Found the +10 zealot's sword {holy, Zealotry, *Rage rN+
                  | EV+3}
  6989 | D:9      | 6989 ||| INVOKING Heroism.
  6992 | D:9      | 6992 ||| Stepping ~*~*~tactically~*~*~ (stealth).
  7004 | D:9      | 7004 ||| Stepping ~*~*~tactically~*~*~ (hiding).
  7253 | D:9      | 7253 ||| UPGRADING to +0 plate armour.
  7263 | D:9      | 7263 ||| DROPPING +0 chain mail.
  7264 | D:9      | 7264 ||| READING scroll labelled KAEX OKLIABYO.
  7265 | D:9      | 7265 ||| READING scroll labelled ORYZXU GODEEGH.
  7266 | D:9      | 7266 ||| READING scroll labelled BEEZXO MAGREI.
  7316 | D:10     | Entered Level 10 of the Dungeon
  7337 | D:10     | 7337 ||| INVOKING Heroism.
  7568 | D:10     | Reached *** piety under Okawaru
  7669 | D:10     | 7669 ||| Stepping ~*~*~tactically~*~*~ (stealth).
  7677 | D:10     | Noticed Snorg
  7678 | D:10     | 7678 ||| INVOKING Heroism.
  7693 | D:10     | Killed Snorg
  7694 | D:10     | Reached skill level 12 in Axes
  8061 | D:10     | 8061 ||| UPGRADING to +2 helmet.
  8071 | D:10     | 8071 ||| DROPPING +0 helmet.
  8072 | D:10     | 8072 ||| READING 6 scrolls of identify.
  8072 | D:10     | 8072 ||| IDENTIFYING fizzy emerald potion
  8073 | D:10     | 8073 ||| DROPPING potion of flight.
  8117 | D:11     | Noticed a tengu warrior
  8118 | D:11     | 8118 ||| INVOKING Heroism.
  8125 | D:11     | Noticed an ogre mage
  8131 | D:11     | Noticed a two-headed ogre
  8134 | D:11     | Killed a tengu warrior
  8135 | D:11     | Reached skill level 6 in Shields
  8135 | D:11     | 8135 ||| STAIRDANCE
  8135 | D:11     | Noticed a two-headed ogre
  8135 | D:11     | Noticed a two-headed ogre
  8135 | D:11     | Noticed a two-headed ogre
  8139 | D:10     | Paralysed by something for 5 turns
  8146 | D:10     | HP: 17/78 [something (10)]
  8158 | D:10     | Killed an ogre mage
  8158 | D:10     | Reached **** piety under Okawaru
  8207 | D:11     | Noticed a two-headed ogre
  8208 | D:11     | 8208 ||| INVOKING Heroism.
  8208 | D:11     | Noticed a two-headed ogre
  8208 | D:11     | Noticed a two-headed ogre
  8213 | D:11     | 8213 ||| STAIRDANCE
  8215 | D:10     | Killed a two-headed ogre
  8218 | D:10     | HP: 17/78 [two-headed ogre/+0 giant spiked club (3)]
  8219 | D:10     | 8219 ||| READING scroll of teleportation.
  8219 | D:10     | HP: 5/78 [two-headed ogre/+0 giant spiked club (10)]
  8221 | D:10     | Slain by a two-headed ogre

Levels and vault maps discovered:
D:1:      amcnicky_arrival_blooded_trapdoor, layout_basic,
          ebering_ecumenical_altar_box
D:2:      cheibrodos_pilgrimage, layout_basic, serial_shops, shop,
          nicolae_shop_crystal, uniq_sigmund, uniq_robin
D:3:      layout_basic
D:4:      nicolae_BIG_FREAKIN_CUBE, layout_rooms, elyvilon_altar_1,
          nicolae_overflow_two_pavilions, uniq_eustachio,
          uniq_crazy_yiuf_cottage, uniq_menkaure, uniq_edmund, uniq_pikel,
          uniq_natasha
D:5:      layout_loops_corners, nicolae_uskayaw_en_pointe, serial_rivers,
          chequers_serial_rivers_small_b, chequers_serial_rivers_room_a,
          chequers_serial_rivers_micro_d, chequers_serial_rivers_micro_c,
          chequers_serial_rivers_micro_b
D:6:      layout_loops_cross, general_overflow_altar, minmay_bent
D:7:      layout_rooms, ashenzari_conservatory_becter,
          minmay_temple_entry_sparse_star, serial_curves, eino_curves_03,
          eino_curves_04
D:8:      layout_cave_pools, mainiacjoe_overflow_alcove_2, uniq_maurice
D:9:      layout_irregular_city, enter_bailey_7, hangedman_tell_no_tales,
          uniq_joseph
D:10:     layout_small_grid, lemuel_flamethrower_2, uniq_snorg
D:11:     layout_long_grid, due_lair_maze_entry_diamond, david_orc_1_choice,
          kennysheep_nub, uniq_fannar
Temple:   hellmonk_temple_divided_pantheon

Skill      XL: |  1  2  3  4  5  6  7  8  9 10 11 |
---------------+----------------------------------+-----
Axes           | 2 3 4 5 7 9 10 11 12 | 12.1
Fighting       | 4 6 8 9 |  9.1
Dodging        | 1 2 |  2.2
Throwing       | 2 |  2.0
Shields        | 4 5 6 |  6.4
Armour         | 4 6 8 |  8.9
Invocations    | 4 |  4.7

Action                     |  1- 3 |  4- 6 |  7- 9 | 10-12 || total
---------------------------+-------+-------+-------+-------++-------
  Melee: War axe           |    73 |   141 |   336 |   399 ||   949
  Throw: Boomerang         |       |     6 |    42 |    50 ||    98
 Invoke: Heroism           |       |       |       |    11 ||    11
    Use: Scroll            |     3 |     6 |     9 |     6 ||    24
         Potion            |       |     1 |     1 |       ||     2
 Armour: Scale mail        |    43 |    79 |   203 |    17 ||   342
         Chain mail        |       |       |       |   157 ||   157
         Plate armour      |       |       |       |    90 ||    90
  Dodge: Dodged            |    48 |    74 |   137 |   129 ||   388
  Block: Buckler           |    13 |    26 |    71 |    80 ||   190

Table legend:
 A = Non-vault XP
 B = Vault XP
 C = Vault XP percentage of total XP
 D = Non-vault monster count
 E = Vault monster count
 F = Vault count percentage of total count
                 A         B        C        D         E       F
            +---------+---------+-------+---------+---------+-------
      Total |   12347 |    4881 |  28.3 |     185 |      46 |  19.9
            +---------+---------+-------+---------+---------+-------
        D:1 |      22 |       0 |   0.0 |      11 |       0 |   0.0
        D:2 |      42 |     320 |  88.4 |      11 |      19 |  63.3
        D:3 |      96 |     697 |  87.9 |      24 |       1 |   4.0
        D:4 |     339 |     560 |  62.3 |      19 |       4 |  17.4
        D:5 |     519 |       0 |   0.0 |      10 |       0 |   0.0
        D:6 |    1212 |     624 |  34.0 |      27 |       8 |  22.9
        D:7 |    1060 |       0 |   0.0 |      14 |       0 |   0.0
        D:8 |     998 |     426 |  29.9 |      12 |       1 |   7.7
        D:9 |    2779 |    1312 |  32.1 |      31 |      12 |  27.9
       D:10 |    4156 |     942 |  18.5 |      24 |       1 |   4.0
       D:11 |    1124 |       0 |   0.0 |       2 |       0 |   0.0
            +---------+---------+-------+---------+---------+-------
